 Dungeon Crawl Stone Soup version 0.16-a0-3807-g3748f16 (webtiles) character file.

1008 Ololoev the Caller (level 8, -2/52 HPs)
             Began as a Mummy Summoner on Jan 26, 2015.
             Was a Follower of Sif Muna.
             Slain by a sky beast (5 damage)
             ... on level 6 of the Dungeon on Jan 27, 2015.
             The game lasted 00:31:17 (8479 turns).

Ololoev the Caller (Mummy Summoner)                 Turns: 8479, Time: 00:31:17

Health: -2/52      AC:  2    Str: 11    XL:     8   Next: 1%
Magic:  1/13       EV: 13    Int: 16    God:    Sif Muna [*.....]
Gold:   195        SH:  0    Dex: 12    Spells: 3 memorised, 5 levels left

rFire  + . .     SeeInvis .     i - +0 spear
rCold  + . .     Clarity  .     q - +0 robe
rNeg   + + +     SustAb   .     (no shield)
rPois  ∞         Gourm    .     (no helmet)
rElec  .         Spirit   .     (no cloak)
rCorr  .         Warding  .     (no gloves)
rMut   .         Stasis   .     (no boots)
MR     +....                    (no amulet)
Stlth  ++........               p - ring of protection from fire
                                u - ring of protection from fire

@: somewhat resistant to hostile enchantments, unstealthy
A: no food or potions, fire vulnerability, restore body, cold resistance 1,
negative energy resistance 3, poison resistance, torment resistance, unbreathing
a: Channel Energy, Renounce Religion


You were on level 6 of the Dungeon.
You worshipped Sif Muna.
Sif Muna was aware of your devotion.
You were not hungry.

You visited 2 branches of the dungeon, and saw 7 of its levels.

You collected 195 gold pieces.

Notes
Turn   | Place    | Note
--------------------------------------------------------------
     0 | D:1      | Ololoev, the Mummy Summoner, began the quest for the Orb.
     0 | D:1      | Reached XP level 1. HP: 13/13 MP: 3/3
   919 | D:1      | Reached XP level 2. HP: 2/19 MP: 1/4
  1657 | D:1      | Upgraded the game from 0.16-a0-3803-gd4b2de5 to 0.16-a0-3807-g3748f16
  1687 | D:1      | Reached skill level 4 in Summonings
  2047 | D:2      | Learned a level 2 spell: Call Imp
  2551 | D:2      | Reached XP level 3. HP: 6/24 MP: 0/6
  2613 | D:2      | Learned a level 3 spell: Call Canine Familiar
  2881 | D:2      | Found a white marble altar of Elyvilon.
  2915 | D:2      | Found a blossoming altar of Fedhas.
  3361 | D:3      | Found an opulent altar of Gozag.
  3781 | D:3      | Reached XP level 4. HP: 21/30 MP: 7/7
  4643 | D:4      | Found a staircase to the Ecumenical Temple.
  4653 | Temple   | Entered the Ecumenical Temple
  4661 | Temple   | Became a worshipper of Sif Muna the Loreminder
  4683 | D:4      | Reached XP level 5. HP: 23/35 MP: 9/9
  4785 | D:4      | Noticed Blork the orc
  4801 | D:4      | Killed Blork the orc
  4801 | D:4      | Reached skill level 5 in Summonings
  4992 | D:4      | Noticed an ogre
  5142 | D:4      | Killed an ogre
  5142 | D:4      | Reached XP level 6. HP: 41/41 MP: 10/10
  5426 | D:4      | Noticed Duvessa
  5452 | D:4      | Killed Duvessa
  5455 | D:4      | Noticed Dowan
  5637 | D:4      | Killed Dowan
  5751 | D:4      | Reached skill level 6 in Summonings
  5969 | D:4      | Found an iron altar of Okawaru.
  6209 | D:4      | Reached XP level 7. HP: 28/46 MP: 8/12
  6325 | D:4      | Acquired Sif Muna's first power
  6514 | D:4      | Found a radiant altar of Vehumet.
  6534 | D:5      | Entered Level 5 of the Dungeon
  6604 | D:5      | Found an opulent altar of Gozag.
  6789 | D:5      | Noticed Armakuni's ghost (experienced MfWn)
  7263 | D:5      | Noticed Ijyb
  7280 | D:5      | Killed Ijyb
  7357 | D:5      | Found Cicuis' Gadget Boutique.
  7357 | D:5      | Noticed Menkaure
  7367 | D:5      | Killed Menkaure
  7746 | D:5      | Killed Armakuni's ghost
  7825 | D:5      | Reached skill level 7 in Summonings
  8449 | D:6      | Reached XP level 8. HP: 24/52 MP: 9/13
  8479 | D:6      | Slain by a sky beast

Inventory:

Hand weapons
 a - a +2 dagger of venom
 b - a +0 blowgun
 i - a +0 spear (weapon)
 t - a +2 falchion of freezing
Missiles
 n - 48 poisoned needles
Armour
 j - a +0 buckler
 q - a +0 robe (worn)
Jewellery
 g - an uncursed ring of teleport control
 h - an uncursed ring of flight
 p - a ring of protection from fire (right hand)
 u - a ring of protection from fire (left hand)
Magical devices
 r - a wand of digging (16)
Scrolls
 c - 4 scrolls of remove curse
 d - a scroll of teleportation
 f - a scroll of fog
 l - a scroll of recharging
 o - a scroll of fear
Books
 m - a book of Callings

   Spells                             Type                      Level
   a - Summon Small Mammal            Summoning                    1
   b - Call Imp                       Summoning                    2
   c - Call Canine Familiar           Summoning                    3
   d - Summon Guardian Golem          Hexes/Summoning              4
   e - Summon Lightning Spire         Summoning/Air                4
   f - Summon Ice Beast               Ice/Summoning                4

Table legend:
 A = Turns spent in this place as a percentage of turns spent in the entire game.
 B = Non-inter-level travel turns spent in this place as a percentage of non-inter-level travel turns spent in the entire game.
 C = Inter-level travel turns spent in this place as a percentage of turns spent in this place.
 D = Turns resting spent in this place as a percentage of non-inter-level travel turns spent in this place.
 E = Turns spent auto-exploring this place as a percentage of non-inter-level travel turns spent in this place.
 F = Non-inter-level travel turns spent in this place divided by the number of levels of this place that you've seen.
                   A       B       C       D       E      F
               +-------+-------+-------+-------+-------+----------------------
         Total | 100.0 | 100.0 |   0.5 |   7.5 |   7.1 | 290.6
       Dungeon |  99.6 |  99.6 |   0.4 |   7.6 |   7.2 | 337.7
        Temple |   0.4 |   0.4 |  11.1 |   0.0 |   0.0 |   8.0
               +-------+-------+-------+-------+-------+----------------------


   Skills:
 - Level 0.7 Polearms
 + Level 4.4 Dodging
 - Level 1.5 Stealth
 - Level 2.1 Spellcasting
 * Level 7.2 Summonings


You had 5 spell levels left.
You knew the following spells:

 Your Spells              Type           Power        Failure   Level  Hunger
a - Summon Small Mammal   Summ           ###.         1%          1    N/A
b - Call Imp              Summ           ###.....     1%          2    N/A
c - Call Canine Familiar  Summ           ###.....     3%          3    N/A

Dungeon Overview and Level Annotations

Branches:
Dungeon (6/15)             Temple (1/1) D:4

Altars:
Dithmenos
Elyvilon
Fedhas
Gozag
Makhleb
Nemelex Xobeh
Okawaru
Qazlal
Sif Muna
Trog
Vehumet
Xom
Zin

Shops:
D:5 }


Innate Abilities, Weirdness & Mutations

You do not eat or drink.
Your flesh is vulnerable to fire.
Your flesh is cold resistant.
You are immune to negative energy.
Your system is resistant to poisons.
You are immune to unholy pain and torment.
You can survive without breathing.


Message History

Press: ? - help, Dir - move target cursor, f/p - sky beast
Aim: a sky beast (heavily wounded, poisoned) Attack!
The sky beast hits your white imp. The sky beast shocks your white imp.
Wield which item (- for none, * to show all)? (? for menu, Esc to quit)
Your +2 dagger of venom stops dripping with poison.
i - a +0 spear (weapon)
Attack whom?
Press: ? - help, Dir - move target cursor, f/p - sky beast
Aim: a sky beast (heavily wounded, poisoned)
You reach to attack!
You closely miss the sky beast.
The sky beast is heavily wounded.
The sky beast completely misses your white imp.
Your crimson imp hits the sky beast but does no damage.
Attack whom?
Press: ? - help, Dir - move target cursor, f/p - sky beast
Aim: a sky beast (heavily wounded, poisoned)
You reach to attack!
You miss the sky beast.
The sky beast is heavily wounded.
Your crimson imp disappears in a puff of smoke!
The sky beast flickers out of sight!
Deactivating autopickup; reactivate with Ctrl-A.
Something barely misses your crimson imp.
Something hits your crimson imp. Something shocks your crimson imp.
Your magical contamination has completely faded away.
Attack whom?
Press: ? - help, Dir - move target cursor You reach to attack!
You barely miss something.
Something hits your white imp but does no damage.
Attack whom?
Press: ? - help, Dir - move target cursor You reach to attack!
You hit something.
Your crimson imp misses something.
Casting: Call Imp
Confirm with . or Enter, or press ? or * to list all spells.
A beastly little devil appears in a puff of flame.
Something hits you. Something shocks you.
Casting: Call Imp
Confirm with . or Enter, or press ? or * to list all spells.
A beastly little devil appears in a puff of frigid air.
Something hits you.
You die...

,,,**,**,,*...,,,,*,,***,* *,*
,,,,,,,,,*#...***,*,,**+,* *,*
,,,,,,,,,...).* *,,,,***≈******,*
,,,,,,,,,*#...#**,*,,* *≈*,,,,,,*
**,*****<*#....,,,*,,***≈*,******
**,,,,,,,,,,...,,,*****+,*,*
,*,******,*,*#5###* **,*,* **,*
*,*,,#5†5# *,*,*
**,******,**,#.#@# *,,,*
,*,,,,,,########+#######**,*
**,*****#...............#*,*
**,**** #...............**,*
,*,,,,**#....#######....*,,*
**,,,,,,#....*,,,,,*,...****
**,*,,*,#....+,,,,,+,,.,*
,*,,,,,,#....*,,,,,*,,,,*
**,*,,,,#(...*******,,,,*


You could see 2 friendly crimson imps and a friendly white imp.

Table legend:
 A = Kills in this place as a percentage of kills in entire the game.
 B = Kills by you in this place as a percentage of kills by you in the entire game.
 C = Kills by friends in this place as a percentage of kills by friends in the entire game.
 D = Other kills in this place as a percentage of other kills in the entire game.
 E = Experience gained in this place as a percentage of experience gained in the entire game.
 F = Experience gained in this place divided by the number of levels of this place that you have seen.
                   A       B       C       D       E      F
               +-------+-------+-------+-------+-------+----------------------
         Total | 100.0 | 100.0 | 100.0 |  -nan | 100.0 | 205.7
       Dungeon | 100.0 | 100.0 | 100.0 |  -nan | 100.0 | 240.0
               +-------+-------+-------+-------+-------+----------------------

Vanquished Creatures
  Menkaure (D:5)
  An ogre (D:4)
  Blork the orc (D:4)
  2 giant frogs
  A scorpion (D:4)
  Dowan (D:4)
  A jelly (D:4)
  3 worker ants (D:4)
  Ijyb (D:5)
  7 adders
  A gnoll (D:4)
  A giant mite (D:3)
  A worm (D:3)
  An adder skeleton (D:5)
  4 giant geckos
  6 orcs
  3 giant cockroaches
  6 goblins
  9 hobgoblins
  7 jackals
  12 kobolds
  2 quokkas
  9 bats
  A giant cockroach zombie (D:5)
  A giant gecko skeleton (D:4)
  3 giant newts
  A jackal skeleton (D:4)
  10 rats
  2 butterflies (D:4)
99 creatures vanquished.

Vanquished Creatures (collateral kills)
  The ghost of Armakuni the Spear-Bearer, an experienced MfWn of Qazlal (D:5)
  Duvessa (D:4)
  2 orc wizards (D:4)
  An adder (D:2)
  A giant gecko (D:1)
  2 bats (D:1)
  4 giant cockroaches (D:1)
  A goblin (D:1)
  3 hobgoblins
  A quokka (D:2)
  A giant newt (D:1)
  A kobold (D:3)
19 creatures vanquished.

Vanquished Creatures (others)
  3 crimson imps (D:5)
  6 hounds
  2 shadow imps (D:5)
  3 white imps
  2 bats (D:1)
  2 rats (D:1)
18 creatures vanquished.

Grand Total: 136 creatures vanquished

Action                   |  1- 3 |  4- 6 |  7- 9 || total
-------------------------+-------+-------+-------++-------
Melee: Unarmed           |    31 |     1 |       ||    32
       Dagger            |    48 |    94 |   109 ||   251
       Spear             |   110 |    43 |    22 ||   175
       Falchion          |       |       |    14 ||    14
 Fire: Blowgun           |       |    33 |     3 ||    36
 Cast: Summon Small Mamm |    26 |       |       ||    26
       Call Imp          |     5 |     6 |    25 ||    36
       Call Canine Famil |       |     2 |     7 ||     9
  Use: Scroll            |       |       |     9 ||     9
 Stab: Sleeping          |     3 |     3 |     1 ||     7

Vault maps used:
D:1:      mrwooster_arrival_statue_2, dk_noncrumbling_3
D:2:      lemuel_coloured_pillars_altar, first_bread, fedhas_altar_1
D:3:      grunt_gozag_breadcrumbs
D:4:      okawaru_altar_gauntlet_db, nicolae_overflow_hidden_temple,
          minmay_temple_entry_butterflies, roderic_bali_sauvastika,
          uniq_duvessa, uniq_blork_the_orc
D:5:      overflow_temple_1_default, serial_shops, nicolae_shop_stone,
          kennysheep_decorative_pillar, uniq_menkaure, uniq_iyjb
D:6:      lemuel_insect_pit, lemuel_round_altar, gup_sewer_entry_bowl,
          serial_shops, shop, grunt_ministairs_7, minmay_tree_intersection,
          mumra_transporter_accident, corexii_corridor_pit,
          lasty_cornered_adventurer
Temple:   temple_eino_lava_12
